AoeStats
← Goku Prime

Arabia

509268153Analyzed
1v1 RM · 7d ago on Sep 26, 2026· 55m 52s· 2 players
Game mode
Random Map
Map size
Tiny (2 player)
Population
200
Speed
Normal
Resources
Standard
Victory
Conquest
Starting age
Dark Age
Ending age
Imperial Age
RankedLock teamsTeams togetherTeam positionsShared explorationLock speedFull tech treeHidden civsTurbo modeCheats
Victory
Defeat
🇨🇱 Hindustanis · Chile
1112
+16
🇦🇺 Saxons · Australia
1115
-16
ZapalloMágico
4:52 Loom
10:30 Feudal Age
11:20 Double-Bit Axe
12:07 Horse Collar
17:29 Stone Mining
20:36 Castle Age
19:19 Fletching
25:00 Wheelbarrow
25:08 Heavy Plow
25:21 Scale Mail Armor
32:20 Town Watch
37:49 Imperial Age
40:58 Chemistry
42:32 Hand Cart
42:49 Forging
42:40 Padded Archer Armor
44:40 Chain Mail Armor
47:53 Shatagni
51:47 Leather Archer Armor
54:21 Light Cavalry
55:14 Bloodlines
55:43 Hussar
56:31 Scale Barding Armor
57:02 Iron Casting
Goku Prime
11:23 Feudal Age
9:41 Loom
11:49 Double-Bit Axe
11:35 Man-at-Arms
13:46 Scale Mail Armor
16:20 Arson
20:36 Gold Mining
21:17 Forging
21:07 Stone Mining
24:04 Castle Age
25:38 Long Swordsman
30:45 Squires
30:10 Elite Skirmisher
32:22 Gambesons
39:39 Imperial Age
41:46 Pikeman
48:21 Elite Varangian Guard
50:16 Bow Saw
Connection lost

Rejoining the realm…

Still unreachable

The connection could not be restored.

Session expired

The server has moved on; the page needs a fresh start.